 Dungeon Crawl Stone Soup version 0.29.1-2-gbd0b4ee654 (webtiles) character file.

Game seed: 1579147683090480121

125724 cdecastro the Warrior (level 16, -11/108 HPs)
             Began as a Tengu Air Elementalist on Nov 24, 2022.
             Was a High Priest of Vehumet.
             Mangled by a caustic shrike simulacrum (16 damage)
             ... in an ice cave on Nov 28, 2022.
             The game lasted 02:32:29 (43315 turns).

cdecastro the Warrior (Tengu Air Elementalist)     Turns: 43315, Time: 02:32:30

Health: -11/108    AC: 19    Str: 12    XL:     16   Next: 96%
Magic:  30/36      EV: 21    Int: 21    God:    Vehumet [*****.]
Gold:   600        SH:  5    Dex: 14    Spells: 8/45 levels left

rFire   + . .      SeeInvis +   b - +3 longbow (flame)
rCold   + . .      Faith    .   (shield currently unavailable)
rNeg    . . .      Spirit   .   z - +3 leather armour {rF+}
rPois   .          Reflect  +   N - +1 hat {SInv}
rElec   .          Harm     .   E - +2 cloak
rCorr   .          Rampage  .   p - +2 pair of gloves
Will    +....                   (boots unavailable)
Stlth   +++.......              g - amulet of reflection
HPRegen 0.28/turn               n - ring of protection from cold
MPRegen 0.25/turn               M - +4 ring of protection

@: flying quickly and evasively, quick
A: beak, talons 3, nimble flight
a: Renounce Religion


You were in an ice cave.
You worshipped Vehumet.
Vehumet was extremely pleased with you.
You visited 5 branches of the dungeon, and saw 25 of its levels.
You also visited: Ice Cave and Volcano.

You collected 2882 gold pieces.
You spent 2282 gold pieces at shops.

Inventory:

Hand Weapons
 a - the +8 whip of the Ghost {spect, rCorr Dex+4}
   (You found it on level 3 of the Dungeon)

   When its wielder attacks, the weapon's spirit leaps out and strikes again.
   The spirit shares a part of any damage it takes with its wielder.
   Dex:       It affects your dexterity (+4).
   rCorr:     It protects you from acid and corrosion.
 b - a +3 longbow of flaming (weapon)
Missiles
 k - 14 boomerangs
 R - 4 boomerangs of dispersal
Armour
 p - a +2 pair of gloves (worn)
 s - a +0 kite shield of cold resistance
 z - a +3 leather armour of fire resistance (worn)
 E - a +2 cloak (worn)
 N - a +1 hat of see invisible (worn)
Magical Staves
 i - a staff of conjuration
Jewellery
 g - an amulet of reflection (around neck)
 n - a ring of protection from cold (left hand)
 v - a +4 ring of evasion
 y - an amulet of faith
 M - a +4 ring of protection (right hand)
 W - a ring of positive energy
Wands
 x - a wand of roots (18)
 A - a wand of polymorph (10)
 B - a wand of charming (3)
 F - a wand of flame (43)
 G - a wand of digging (6)
 J - a wand of mindburst (4)
 T - a wand of acid (14)
Scrolls
 e - a scroll of fear
 h - 16 scrolls of identify
 j - 5 scrolls of vulnerability
 t - 7 scrolls of teleportation
 w - 3 scrolls of immolation
 D - 5 scrolls of blinking
 I - 7 scrolls of magic mapping
 L - 5 scrolls of butterflies
 Q - a scroll of poison
 Z - a scroll of silence
Potions
 c - 13 potions of heal wounds
 d - 6 potions of brilliance
 f - 7 potions of berserk rage
 l - 6 potions of might
 o - a potion of cancellation
 q - 2 potions of invisibility
 r - 2 potions of attraction
 u - 10 potions of curing
 C - 4 potions of resistance
 P - 2 potions of haste
 X - 4 potions of magic
Miscellaneous
 m - a tin of tremorstones (2/2)


   Skills:
 - Level 15.0 Fighting
 - Level 10.0 Armour
 - Level 13.4 Dodging
 - Level 5.0 Stealth
 + Level 3.4 Shields
 - Level 15.0 Spellcasting
 - Level 12.0 Conjurations
 - Level 5.0 Fire Magic
 - Level 11.0 Air Magic
 - Level 5.0 Evocations


You had 8 spell levels left.
You knew the following spells:

 Your Spells              Type           Power      Damage    Failure   Level
a - Shock                 Conj/Air       100%       1d9       1%          1
b - Static Discharge      Conj/Air       59%        3-11/arc  1%          2
c - Swiftness             Air            58%        N/A       1%          3
d - Airstrike             Air            29%        2d(5-21)  1%          4
e - Poisonous Vapours     Pois/Air       76%        N/A       1%          2
f - Inner Flame           Hex/Fire       26%        N/A       1%          3
g - Mephitic Cloud        Conj/Pois/Air  47%        N/A       1%          3
h - Freezing Cloud        Conj/Ice/Air   23%        6-21      1%          5
i - Sticky Flame          Conj/Fire      51%        2d7       1%          4
j - Lightning Bolt        Conj/Air       29%        1d46      1%          5
k - Fireball              Conj/Fire      25%        3d11      1%          5

Your spell library contained the following spells:

 Spells                   Type           Power      Damage    Failure   Level
 Conjure Ball Lightning   Conj/Air       29%        3x3d8     1%          6
 Sandblast                Erth           30%        2d9       1%          1
 Stone Arrow              Conj/Erth      80%        3d12      1%          3
 Hailstorm                Conj/Ice       40%        3d10      1%          4
 Necrotise                Necr           60%        1d7       4%          1
 Frozen Ramparts          Ice            30%        1d5       4%          3
 Starburst                Conj/Fire      25%        6d8       6%          6
 Passwall                 Tmut/Erth      12%        N/A       7%          2
 Vampiric Draining        Necr           15%        2d7       14%         3
 Cause Fear               Hex            7%         N/A       43%         4
 Ice Form                 Ice/Tmut       15%        N/A       43%         4
 Summon Ice Beast         Ice/Summ       15%        N/A       43%         4
 Agony                    Necr           15%        N/A       78%         5
 Summon Mana Viper        Hex/Summ       15%        N/A       78%         5
 Simulacrum               Ice/Necr       7%         N/A       100%        6
 Monstrous Menagerie      Summ           7%         N/A       100%        7
 Discord                  Hex            7%         N/A       100%        8
 Ignition                 Fire           18%        3d7       100%        8


Dungeon Overview and Level Annotations

Branches:
Dungeon (15/15)            Temple (1/1) D:7            Lair (5/5) D:11
 Shoals (2/4) Lair:3       Spider (0/4) Lair:3        Slime (0/5) Lair:4
    Orc (2/2) D:9             Elf (0/3) Orc:2        Vaults (0/5) D:13
 Depths (0/4) D:15          IceCv (1/1)             Volcano (visited)

Altars:
Ashenzari
Cheibriados
Dithmenos
Elyvilon
Fedhas
Gozag
Hepliaklqana
Kikubaaqudgha
Makhleb
Nemelex Xobeh
Okawaru
Qazlal
Ru
Sif Muna
Trog
Uskayaw
Vehumet
Wu Jian
Xom
Yredelemnul
Zin
The Shining One

Shops:
D:5 *   D:8 [   Orc:2 !:!(   Shoals:1 :

Portals:
Pandemonium: Orc:2
Trove: D:10 (give +2 gold dragon scales)

Annotations:
D:13 2 transporters, Leinaam's ghost, journeyman MiBe
Lair:1 2 transporters, Palms's ghost, journeyman MiHu
Lair:5 exclusion: obsidian statue IceCv exclusion: obsidian statue


Innate Abilities, Weirdness & Mutations

You have a beak for a mouth.
You have claws for feet.
Your magical nature lets you fly swiftly and evasively.


Message History

Aiming: Sticky Flame (safe; 1% risk of failure)
Press: ? - help, Shift-Dir - straight line, f - caustic shrike simulacrum
Aim: a caustic shrike simulacrum (100% to hit)
The sticky flame hits the caustic shrike simulacrum but does no damage.
The caustic shrike simulacrum is covered in liquid flames!
The caustic shrike simulacrum burns!
You block the caustic shrike simulacrum's attack.
The caustic shrike simulacrum claws you but does no damage.
Unknown command.
Unknown command.
The caustic shrike simulacrum attacks as you move away!
The caustic shrike simulacrum claws you!
The caustic shrike simulacrum freezes you!
You resist.
The caustic shrike simulacrum burns!
The caustic shrike simulacrum burns!
The caustic shrike simulacrum claws you!
The caustic shrike simulacrum freezes you!!
You resist.
* * * LOW HITPOINT WARNING * * *
The caustic shrike simulacrum burns!
Casting: Sticky Flame (safe; 1% risk of failure)
Confirm with . or Enter, or press ? or * to list all spells.
Aiming: Sticky Flame (safe; 1% risk of failure)
Press: ? - help, Shift-Dir - straight line, f/p - caustic shrike simulacrum
Aim: a caustic shrike simulacrum (heavily damaged, covered in liquid flames, 100% to hit)
The sticky flame hits the caustic shrike simulacrum.
The caustic shrike simulacrum melts!
The caustic shrike simulacrum is severely damaged.
The caustic shrike simulacrum is covered in liquid flames!
The caustic shrike simulacrum burns!
The caustic shrike simulacrum claws you!
* * * LOW HITPOINT WARNING * * *
The caustic shrike simulacrum freezes you!
You resist.
* * * LOW HITPOINT WARNING * * *
The caustic shrike simulacrum claws you!
* * * LOW HITPOINT WARNING * * *
The caustic shrike simulacrum freezes you!
You resist.
You die...

#..####......#
#.## #......##
#..#
##..8#..##
#..#
#.)###..##
##.## #..#
##..# #..#
######..##
##.## ##..###
##..# #..##.##
#..##
#.@#...##
##.##
#.Z#....#
##..#
##...#.......
#..##
##..#W......
##..#
#####8.....
##.## .W.)..
#..# .W.._.
##......#


ZZ... #..^.8.# ..... You could see a caustic shrike simulacrum (burning).

Vanquished Creatures
  A kraken (Shoals:1)
  Gastronok (Lair:1)
  Nessos (D:13)
  Azrael (D:13)
  4 dire elephants (Lair:5)
  A bunyip (shapeshifter) (D:15)
  Snorg (Orc:2)
  A merfolk impaler (Shoals:1)
  An ettin (D:15)
  Josephine (Orc:1)
  A fire dragon (D:15)
  A boulder beetle (Lair:1)
  An ice dragon (Shoals:2)
  A rakshasa (D:15)
  A hydra (D:15)
  A demonspawn (Orc:2)
  2 ogre magi
  A merfolk avatar (Shoals:1)
  2 centaur warriors
  Erica (D:9)
  A catoblepas (D:14)
  13 two-headed ogres
  5 death yaks (Lair:5)
  8 orc high priests (Orc:2)
  2 tengu warriors
  Nergalle (Lair:1)
  Sonja (D:12)
  2 spectral death yaks (Lair:5)
  Lodul (D:13)
  A spectral anaconda (Lair:5)
  2 sixfirhies (Orc:2)
  2 deep trolls
  3 sea snakes (Shoals:1)
  A deep elf archer (Volcano)
  2 wizards
  A bog body (IceCv)
  A lindwurm (Lair:4)
  5 harpies (Shoals:1)
  6 necromancers
  A deep elf zephyrmancer (D:13)
  6 orc knights
  2 spriggan simulacra (IceCv)
  9 ugly things
  9 deep elf pyromancers
  6 orc sorcerers
  4 manticores
  4 cyclopes
  10 fauns (Shoals:1)
  7 elephants (Lair:5)
  Maurice (Orc:1)
  3 gargoyles
  2 merfolk sirens (Shoals:1)
  6 black mambas
  18 cane toads
  6 komodo dragons
  2 water nymphs (Shoals:1)
  An orange demon (Orc:2)
  A rime drake (shapeshifter) (D:15)
  An ice devil (Orc:2)
  A kobold demonologist (D:12)
  2 efreet (D:14)
  12 freezing wraiths (IceCv)
  2 unseen horrors
  A golden dragon simulacrum (IceCv)
  3 merfolk (Shoals:1)
  6 trolls
  3 polar bears
  12 slime creatures
  A wind drake (Shoals:1)
  2 spectral elephants (Lair:5)
  7 blink frogs (Lair:4)
  10 dream sheep
  2 snapping turtles (Shoals:1)
  2 hornets (D:9)
  2 centaur simulacra
  Sigmund (D:4)
  A vampire (D:12)
  A ynoxinul (Orc:2)
  8 wyverns
  54 yaks
  8 wraiths
  7 fire elementals
  5 dire elephant simulacra
  3 steam dragons
  5 vampire mosquitoes (D:13)
  A death yak simulacrum (Lair:5)
  3 redbacks (Lair:3)
  2 basilisks
  A spectral cane toad (Lair:5)
  A minotaur simulacrum (IceCv)
  3 wargs
  3 harpy simulacra (IceCv)
  2 acid dragons (D:10)
  Edmund (D:4)
  A hydra simulacrum (IceCv)
  17 water moccasins
  6 hell hounds
  Duvessa (D:6)
  27 orc warriors
  7 black bears
  A swamp drake (D:9)
  3 sky beasts
  2 ettin simulacra (IceCv)
  An ice beast (D:6)
  3 elephant zombies (Lair:5)
  3 alligator simulacra (IceCv)
  15 ogres
  4 boggarts (D:15)
  19 wolves
  A phantom (D:6)
  9 centaurs
  A kobold brigand (D:10)
  13 bullfrogs
  3 deep troll simulacra (IceCv)
  A gnoll sergeant (D:12)
  2 necrophages
  2 cane toad simulacra (Lair:5)
  3 scorpions
  3 lindwurm simulacra (IceCv)
  Dowan (D:6)
  An elephant simulacrum (Lair:5)
  13 killer bees
  2 electric eels (D:7)
  4 howler monkeys
  A quasit (D:7)
  4 jellies
  A gnoll bouda (D:5)
  20 orc priests
  2 hounds (D:4)
  2 iguanas (D:5)
  15 orc wizards
  7 gnolls
  10 adders
  4 shadow imps
  6 white imps (D:7)
  8 ufetubi
  67 orcs
  4 bats
  11 endoplasms
  A giant cockroach (D:1)
  5 goblins
  11 hobgoblins
  15 kobolds
  4 quokkas
  11 ball pythons
  3 frilled lizards
  2 rats
  2 tentacles (Shoals:1)
745 creatures vanquished.

Vanquished Creatures (others)
  28 fungi
  68 plants
  4 tentacles (Shoals:1)
  29 withered plants (Lair:5)
129 creatures vanquished.

Grand Total: 874 creatures vanquished

Notes
Turn   | Place    | Note
-------+----------+-------------------------------------------
     0 | D:1      | cdecastro the Tengu Air Elementalist began the quest for
                  | the Orb.
     0 | D:1      | Reached XP level 1. HP: 10/10 MP: 4/4
   476 | D:1      | Reached XP level 2. HP: 15/15 MP: 3/6
   581 | D:1      | Reached skill level 5 in Air Magic
  1087 | D:2      | Reached XP level 3. HP: 15/19 MP: 0/7
  1715 | D:2      | Learned a level 2 spell: Static Discharge
  1719 | D:2      | Learned a level 3 spell: Swiftness
  1945 | D:2      | Reached XP level 4. HP: 24/24 MP: 4/8
  2363 | D:3      | Identified the +8 whip of the Ghost {spect, rCorr Dex+4}
  2914 | D:3      | Found a faded altar of an unknown god.
  3183 | D:3      | Found a large runed translucent door.
  3184 | D:3      | Found a large runed translucent door.
  3421 | D:4      | Noticed a bullfrog
  3426 | D:4      | Killed a bullfrog
  3427 | D:4      | Gained mutation: Your magical nature lets you fly swiftly
                  | and evasively. [Tengu growth]
  3427 | D:4      | Reached XP level 5. HP: 28/28 MP: 9/9
  3629 | D:4      | Noticed a black bear
  3681 | D:5      | Entered Level 5 of the Dungeon
  3687 | D:5      | Reached XP level 6. HP: 28/32 MP: 2/10
  3697 | D:4      | HP: 1/32 [killer bee (1)]
  4003 | D:5      | Reached skill level 10 in Air Magic
  4003 | D:5      | Reached XP level 7. HP: 30/36 MP: 3/11
  4217 | D:5      | Found Pices's Magic Scroll Boutique.
  4420 | D:5      | Noticed a steam dragon
  4612 | D:5      | Killed a steam dragon
  4852 | D:5      | Learned a level 4 spell: Airstrike
  5050 | D:5      | Bought a scroll of teleportation for 39 gold pieces
  5050 | D:5      | Bought a scroll of noise for 13 gold pieces
  5050 | D:5      | Bought a scroll of identify for 26 gold pieces
  5050 | D:5      | Bought a scroll of identify for 26 gold pieces
  5050 | D:5      | Bought a scroll of identify for 26 gold pieces
  5050 | D:5      | Bought a scroll of immolation for 52 gold pieces
  5116 | D:5      | Found Amikov's General Store.
  5252 | D:5      | Found Dyschabbu's Magic Scroll Shop.
  5333 | D:5      | Reached XP level 8. HP: 41/41 MP: 13/15
  5465 | D:6      | Found a broken altar of Ashenzari.
  5526 | D:6      | Noticed Duvessa
  5526 | D:6      | Noticed Dowan
  5741 | D:6      | Reached skill level 5 in Spellcasting
  6053 | D:6      | Found a hide-covered altar of Uskayaw.
  6379 | D:6      | Reached XP level 9. HP: 22/45 MP: 1/21
  7229 | D:7      | Found a sparkling altar of Nemelex Xobeh.
  8016 | D:7      | Found a staircase to the Ecumenical Temple.
  8037 | Temple   | Entered the Ecumenical Temple
  8191 | Temple   | Became a worshipper of Vehumet
  8720 | D:8      | Noticed a gargoyle
  8724 | D:8      | Killed a gargoyle
  8725 | D:8      | Reached skill level 10 in Spellcasting
  8941 | D:8      | Found a burning altar of Makhleb.
  9159 | D:8      | Reached XP level 10. HP: 56/56 MP: 8/25
  9417 | D:8      | Reached skill level 5 in Fighting
  9508 | D:8      | Found a snail-covered altar of Cheibriados.
  9508 | D:8      | Found Cheibriados's Comfort Zone.
  9512 | D:8      | Found a shimmering altar of Xom.
  9601 | D:8      | Reached * piety under Vehumet
  9601 | D:8      | Offered knowledge of Foxfire by Vehumet.
  9962 | D:8      | Noticed a cyan ugly thing
 10152 | D:3      | Found a hazy altar of Hepliaklqana.
 10181 | D:3      | Found a glowing golden altar of the Shining One.
 10363 | D:4      | Noticed Sigmund
 10366 | D:4      | Killed Sigmund
 10831 | D:4      | Noticed Edmund
 10839 | D:4      | Killed Edmund
 11263 | D:5      | Bought a scroll of poison for 48 gold pieces
 11263 | D:5      | Bought a scroll of butterflies for 48 gold pieces
 11263 | D:5      | Bought a scroll of amnesia for 48 gold pieces
 11853 | D:6      | Killed Dowan
 12005 | D:6      | Killed Duvessa
 12393 | D:9      | Found an ornate altar of the Wu Jian Council.
 12557 | D:9      | Noticed Erica
 12614 | D:9      | Killed Erica
 13613 | D:9      | Reached XP level 11. HP: 47/72 MP: 13/26
 13795 | D:9      | Reached skill level 10 in Fighting
 13974 | D:9      | Found a staircase to the Orcish Mines.
 13977 | D:9      | Offered knowledge of Sandblast by Vehumet.
 14104 | D:10     | Entered Level 10 of the Dungeon
 14142 | D:10     | Reached ** piety under Vehumet
 14428 | D:10     | Reached skill level 5 in Stealth
 14684 | D:10     | Found a portal to a secret trove of treasure.
 14721 | D:10     | Found a sacrificial altar of Ru.
 14748 | D:10     | Identified the +0 pair of boots "Idenul" {rElec Will+
                  | Int+3}
 14941 | D:10     | Noticed a centaur warrior
 14958 | D:10     | Killed a centaur warrior
 15559 | D:11     | Found a staircase to the Lair.
 16300 | D:11     | Offered knowledge of Poisonous Vapours by Vehumet.
 16305 | D:11     | Learned a level 2 spell: Poisonous Vapours
 16808 | D:11     | Noticed a cyclops
 17083 | D:11     | Killed a cyclops
 17200 | D:12     | Noticed a two-headed ogre
 17204 | D:12     | Killed a two-headed ogre
 17205 | D:12     | Reached skill level 5 in Dodging
 17205 | D:12     | Reached XP level 12. HP: 77/77 MP: 12/29
 17439 | D:12     | Found a snail-covered altar of Cheibriados.
 17442 | D:12     | Noticed Sonja
 17444 | D:12     | Killed Sonja
 17454 | D:12     | Reached *** piety under Vehumet
 18088 | D:12     | Noticed a two-headed ogre
 18092 | D:12     | Killed a two-headed ogre
 18404 | D:13     | Noticed Nessos
 18600 | D:13     | Killed Nessos
 18721 | D:13     | Reached skill level 10 in Dodging
 18725 | D:13     | Learned a level 3 spell: Inner Flame
 18829 | D:13     | Noticed a two-headed ogre
 18832 | D:13     | Killed a two-headed ogre
 18832 | D:13     | Offered knowledge of Mephitic Cloud by Vehumet.
 18976 | D:13     | HP: 2/77 [barbs]
 19367 | D:13     | Reached skill level 5 in Fire Magic
 19367 | D:13     | Reached skill level 1 in Armour
 19371 | D:13     | Learned a level 3 spell: Mephitic Cloud
 19501 | D:13     | Noticed Azrael
 19666 | D:13     | Noticed a two-headed ogre
 19668 | D:13     | Killed a two-headed ogre
 20004 | D:13     | Killed Azrael
 20005 | D:13     | Reached skill level 5 in Armour
 20005 | D:13     | Reached XP level 13. HP: 43/82 MP: 17/30
 20236 | D:13     | Found a gate to the Vaults.
 20358 | D:13     | You are sucked into a shaft and drop 2 floors!
 20358 | D:15     | Entered Level 15 of the Dungeon
 20828 | D:15     | Reached **** piety under Vehumet
 20907 | D:15     | Noticed an ettin
 20916 | D:15     | Killed an ettin
 21608 | D:13     | Found a transporter.
 21611 | D:13     | Noticed Leinaam's ghost (journeyman MiBe)
 21627 | D:13     | Noticed an ice dragon
 21650 | D:13     | Found a transporter.
 21727 | D:13     | Noticed Lodul
 21839 | D:13     | Killed Lodul
 22674 | D:13     | Reached skill level 10 in Armour
 22789 | D:13     | Offered knowledge of Freezing Cloud by Vehumet.
 22796 | D:13     | Learned a level 5 spell: Freezing Cloud
 23303 | D:14     | Reached skill level 5 in Conjurations
 23613 | D:5      | Bought a scroll of enchant weapon for 97 gold pieces
 23613 | D:5      | Bought a scroll of enchant armour for 97 gold pieces
 23675 | D:5      | Bought a scroll of brand weapon for 114 gold pieces
 23675 | D:5      | Bought a scroll of immolation for 48 gold pieces
 23675 | D:5      | Bought a scroll of immolation for 48 gold pieces
 23675 | D:5      | Bought a scroll of identify for 24 gold pieces
 23735 | D:5      | Bought a scroll of identify for 30 gold pieces
 23735 | D:5      | Bought a scroll of identify for 30 gold pieces
 23735 | D:5      | Bought a potion of magic for 120 gold pieces
 23738 | D:5      | Identified 2 scrolls of acquirement
 24658 | D:15     | Identified the +1 leather armour of Wonder {Rampage rC+
                  | Int-5}
 25032 | D:15     | Reached XP level 14. HP: 54/88 MP: 17/32
 25240 | D:15     | Found a staircase to the Depths.
 26677 | D:15     | Acquired a staff of conjuration
 26786 | Lair:1   | Entered Level 1 of the Lair of Beasts
 26917 | Lair:1   | Noticed Nergalle
 26923 | Lair:1   | Killed Nergalle
 27506 | Lair:1   | Reached skill level 10 in Conjurations
 27598 | Lair:1   | Found a transporter.
 27600 | Lair:1   | Found a transporter.
 27631 | Lair:1   | Reached skill level 1 in Evocations
 27689 | Lair:1   | Noticed Gastronok
 27711 | Lair:1   | Killed Gastronok
 28227 | Lair:1   | Noticed Palms's ghost (journeyman MiHu)
 28327 | Lair:2   | Identified the +0 sling of Dung {freeze, rN++ Will- rCorr
                  | Str+3}
 28752 | Lair:2   | Reached ***** piety under Vehumet
 28754 | Lair:2   | Reached skill level 5 in Evocations
 28754 | Lair:2   | Offered knowledge of Sticky Flame by Vehumet.
 28807 | Lair:2   | Found a dark tunnel.
 28816 | Volcano  | Entered a volcano
 28885 | Volcano  | Learned a level 4 spell: Sticky Flame
 29999 | Lair:3   | Found a staircase to the Shoals.
 30285 | Lair:3   | Found a hole to the Spider Nest.
 30750 | Lair:3   | Reached XP level 15. HP: 96/96 MP: 27/33
 30868 | Lair:3   | Offered knowledge of Yara's Violent Unravelling by Vehumet.
 31632 | Lair:4   | Found an opulent altar of Gozag.
 31884 | Lair:4   | Found a staircase to the Slime Pits.
 32579 | Lair:5   | Entered Level 5 of the Lair of Beasts
 32925 | Lair:5   | Identified the +7 short sword of the Depths {antimagic, Fly
                  | rC++ Will+ Int-5}
 35316 | Lair:5   | Reached skill level 15 in Fighting
 36443 | Orc:1    | Entered Level 1 of the Orcish Mines
 36850 | Orc:1    | Paralysed by an ogre mage for 2 turns
 36853 | Orc:1    | Noticed Maurice
 36857 | Orc:1    | Killed Maurice
 37032 | Orc:1    | Offered knowledge of Lightning Bolt by Vehumet.
 37082 | Orc:1    | Noticed Josephine
 37175 | D:9      | Learned a level 5 spell: Lightning Bolt
 37196 | Orc:1    | Killed Josephine
 37197 | Orc:1    | Reached XP level 16. HP: 108/108 MP: 23/34
 37944 | Orc:2    | Entered Level 2 of the Orcish Mines
 38162 | Orc:2    | Found a staircase to the Elven Halls.
 38516 | Orc:2    | Noticed Snorg
 38586 | Orc:2    | Killed Snorg
 38732 | Orc:2    | Found Vidu Sywn's Distillery.
 38880 | Orc:2    | Found Neh Sai's Distillery.
 38988 | Orc:2    | Bought a potion of heal wounds for 90 gold pieces
 38988 | Orc:2    | Bought a potion of heal wounds for 90 gold pieces
 38988 | Orc:2    | Bought a potion of curing for 54 gold pieces
 38988 | Orc:2    | Bought a potion of heal wounds for 90 gold pieces
 38990 | Orc:2    | Bought 2 potions of heal wounds for 120 gold pieces
 38990 | Orc:2    | Bought a potion of haste for 120 gold pieces
 38990 | Orc:2    | Bought a potion of curing for 36 gold pieces
 39433 | Orc:2    | Offered knowledge of Fireball by Vehumet.
 39502 | Orc:2    | Learned a level 5 spell: Fireball
 39613 | Orc:2    | Reached skill level 15 in Spellcasting
 39862 | Orc:2    | Found Ohia's Antique Weapon Emporium.
 39862 | Orc:2    | Found Rywe's Book Shoppe.
 39862 | Orc:2    | Found a one-way gate leading to the halls of Pandemonium.
 39875 | Orc:2    | Bought a book of Fire for 748 gold pieces
 40262 | Shoals:1 | Entered Level 1 of the Shoals
 41548 | Shoals:1 | Noticed a kraken
 41612 | Shoals:1 | Killed a kraken
 42013 | Shoals:1 | Found Xuduts's Book Shoppe.
 42541 | Shoals:2 | Found a frozen archway.
 42656 | IceCv    | Entered an ice cave
 43254 | IceCv    | Found an ancient bone altar of Kikubaaqudgha.
 43259 | IceCv    | Offered knowledge of Conjure Ball Lightning by Vehumet.
 43315 | IceCv    | HP: 5/108 [caustic shrike simulacrum (11)]
 43315 | IceCv    | Mangled by a caustic shrike simulacrum

Illustrated notes

Levels and vault maps discovered:
D:1:      elethiomel_arrival_quiet, layout_rooms
D:2:      layout_loops_ring
D:3:      wad_river_or_something, layout_rooms, jmf_multi_god_temple2,
          shapermc_ecumenical_altar_mp_urbaneastern
D:4:      layout_basic, minmay_increasing_density, uniq_sigmund, uniq_edmund
D:5:      layout_loops_cross, serial_shops, nicolae_lakefront_shop,
          nicolae_lakefront_shop, nicolae_shop_stone,
          dreamdust_princess_corridor
D:6:      layout_basic, nicolae_overflow_crystal_walls,
          mainiacjoe_overflow_alcove_4, nrook_campfire, uniq_duvessa
D:7:      layout_basic, kennysheep_little_box, minmay_temple_entry_poolview,
          serial_demonic, serial_demonic_a, serial_demonic_f, serial_demonic_d,
          serial_demonic_d, serial_bayou_ford_a
D:8:      layout_basic, old_standard_altar, overflow_temple_1_default,
          minmay_shop_chei, kennysheep_just_a_vault
D:9:      layout_rooms, mainiacjoe_overflow_chevrons, erik_orc_1, uniq_erica
D:10:     layout_cave_pools, nicolae_ru_sacrificial_ziggurat, enter_trove_0
D:11:     layout_roguey, minmay_lair_entry_grove
D:12:     layout_rooms, cheibriados_altar_1, uniq_sonja
D:13:     layout_rooms, david_vaults_1, gammafunk_ghost_berserking_beasts,
          uniq_lodul, uniq_azrael, uniq_nessos
D:14:     layout_big_octagon, minmay_staircase_bubble, st_stairs_6
D:15:     hangedman_depths_entry_civil_slaughter, layout_loops_ring, hex_medium
Temple:   nicolae_temple_bog_church
Lair:1:   layout_cave_pods, gammafunk_ghost_abyssal_escape, lemuel_fruit_fields,
          infiniplex_staircase_pool, uniq_gastronok, uniq_nergalle
Lair:2:   layout_gridlike, nicolae_volcano_entry_two_sided, beast_lair_carwin_1
Lair:3:   layout_chaotic_city, minmay_shoals_entry_centaurs,
          spider_nest_entry_webs, wad_woods_road_05, serial_bayou_shore_b
Lair:4:   layout_big_grid, minmay_slime_entry_pillars, basic_altar
Lair:5:   due_jungle_book, layout_gridlike, grunt_megastairs_1,
          serial_bayou_shore_b
Shoals:1: layout_shoals, serial_shops, shop
Shoals:2: layout_shoals, portal_ice_cave_entry_dragon
Orc:1:    layout_diamond_mine, uniq_maurice, uniq_josephine
Orc:2:    pf_orc_diabolical, layout_caves, basic_altar, uniq_snorg
IceCv:    ice_cave_small_necro

Skill      XL: |  1  2  3  4  5  6  7  8  9 10 11 12 13 14 15 16 |
---------------+-------------------------------------------------+-----
Air Magic      | 5 6 7 8 10 11 | 11.0
Spellcasting   | 4 7 10 12 13 15 | 15.0
Fighting       | 3 9 10 12 15 | 15.0
Stealth        | 5 |  5.0
Dodging        | 5 10 13 | 13.4
Fire Magic     | 5 |  5.0
Armour         | 5 10 | 10.0
Conjurations   | 5 10 12 | 12.0
Evocations     | 5 |  5.0
Shields        | 3 |  3.4

Action                   |  1- 3 |  4- 6 |  7- 9 | 10-12 | 13-15 | 16-18 || total
-------------------------+-------+-------+-------+-------+-------+-------++-------
Melee: Unarmed           |     1 |       |       |       |       |       ||     1
       Dagger            |    13 |     2 |       |       |       |       ||    15
       Kick              |     3 |    15 |    24 |    45 |    95 |     5 ||   187
       Peck              |     2 |     7 |    14 |    32 |    56 |     3 ||   114
       Whip              |       |    53 |    80 |   130 |   183 |    11 ||   457
       Punch             |       |     2 |     2 |     2 |     4 |     1 ||    11
 Fire: Longbow           |       |       |       |       |   170 |   133 ||   303
 Cast: Shock             |    63 |     8 |    22 |     4 |       |       ||    97
       Static Discharge  |       |     9 |     9 |     3 |    15 |       ||    36
       Airstrike         |       |       |    54 |   254 |   197 |    37 ||   542
       Swiftness         |       |       |     2 |       |     2 |     1 ||     5
       Poisonous Vapours |       |       |       |     5 |     1 |       ||     6
       Freezing Cloud    |       |       |       |       |   133 |    75 ||   208
       Sticky Flame      |       |       |       |       |    42 |    44 ||    86
       Mephitic Cloud    |       |       |       |       |     3 |       ||     3
       Fireball          |       |       |       |       |       |    13 ||    13
       Lightning Bolt    |       |       |       |       |       |     3 ||     3
Evoke: Wand              |       |       |       |       |     1 |       ||     1
  Use: Potion            |       |     1 |       |       |     3 |       ||     4
       Scroll            |       |       |    11 |       |    14 |     1 ||    26
 Stab: Sleeping          |       |     9 |     1 |     2 |     1 |       ||    13
       Distracted        |       |       |       |       |     2 |       ||     2
Armor: Leather armour    |     6 |    22 |     5 |       |    36 |    41 ||   110
       Steam dragon scal |       |       |    31 |    60 |    23 |       ||   114
Dodge: Dodged            |    16 |    43 |    71 |   177 |   361 |   194 ||   862
Block: Other             |       |       |       |    31 |    76 |    36 ||   143
       Reflection        |       |       |       |     1 |     1 |     6 ||     8
